 Dungeon Crawl Stone Soup version 0.31.0-11-ge490571c62 (webtiles) character file.

Game seed: 2775461201293875347

217 qw the Shooter (level 5, -1/26 HPs)
             Began as a Spriggan Hunter on Feb 4, 2024.
             Incinerated by a bombardier beetle (3 damage)
             ... with a burning spray
             ... on level 4 of the Dungeon.
             The game lasted 00:00:10 (2657 turns).

qw the Shooter (Spriggan Hunter)                    Turns: 2657, Time: 00:00:10

Health: -1/26      AC:  2    Str:  7    XL:     5   Next: 62%
Magic:  6/6        EV: 20    Int: 10    God:
Gold:   180        SH:  0    Dex: 21    Spells: 4/4 levels left

rFire   . . .        a - +0 shortbow
rCold   . . .        (shield currently unavailable)
rNeg    . . .        c - +0 robe
rPois   .            (helmet restricted)
rElec   .            (no cloak)
rCorr   .            (gloves unavailable)
SInv    +            (boots unavailable)
Will    .....        (no amulet)
Stlth   +            (no ring)
HPRegen 0.24/turn    (no ring)
MPRegen 0.10/turn

%: no passive effects
@: on fire, glowing, very quick
A: very small, no large weapons, unfitting armour, see invisible, speed 3
a: no special abilities


You were on level 4 of the Dungeon.
You visited 1 branch of the dungeon, and saw 4 of its levels.

You collected 180 gold pieces.


Innate Abilities, Weirdness & Mutations

You are very small and have problems with some larger weapons.
You are too small for most types of armour.
You have supernaturally acute eyesight. (SInv)
You cover ground extremely quickly. (Speed+++)


   Skills:
 - Level 2.0 Fighting
 + Level 5.9 Ranged Weapons
 - Level 5.0 Dodging
 - Level 1.5 Stealth


You had 4 spell levels left.
You didn't know any spells.
Your spell library was empty.

Inventory:

Hand Weapons
 a - a +0 shortbow (weapon)
Armour
 c - a +0 robe (worn)
Scrolls
 b - a scroll of enchant armour
Potions
 d - 2 potions of mutation
 e - a potion of curing
 f - a potion of degeneration {unknown}
 g - a potion of might

Dungeon Overview and Level Annotations

Branches:
Dungeon (4/15)
 Temple: D:4-7

Altars:
Sif Muna
Yredelemnul

Shops:
D:2 [


Message History

There is an open door here.
A bombardier beetle comes into view.
You shoot an arrow. The arrow hits the bombardier beetle.
The bombardier beetle is moderately wounded.
The bombardier beetle sprays incendiary fluid at you.
The burning spray misses you.
You shoot an arrow.
The arrow hits the bombardier beetle but does no damage.
The bombardier beetle is moderately wounded.
You shoot an arrow.
The arrow barely misses the bombardier beetle.
The bombardier beetle sprays incendiary fluid at you.
The burning spray hits you.
You are covered in liquid fire!
You shoot an arrow. The arrow hits the bombardier beetle!
The bombardier beetle is almost dead.
The liquid fire burns you!
The bombardier beetle sprays incendiary fluid at you.
The burning spray hits you.
You are even more covered in liquid fire!
2650 ||| FLEEEEING.
You shake off some of the fire as you move.
The liquid fire burns you!
There is an open door here.
You are on fire!
The liquid fire burns you!
You are on fire!
The liquid fire burns you!
You are on fire!
The liquid fire burns you!
You are on fire!
The liquid fire burns you!
You are on fire!
The liquid fire burns you!
You are on fire!
The liquid fire burns you!
You shoot an arrow. The arrow hits the bombardier beetle.
You kill the bombardier beetle!
The liquid fire burns you!
You die...

### ... ##.###+###
+........#
#.......#########
#...............#
#####@##.######.######
#.##..............
#....#########.######
#B..##.. ........# #
#..# ############# #
.. # # # #


There were no monsters in sight!

Vanquished Creatures
  2 bombardier beetles (D:4)
  Terence (D:2)
  Natasha (D:2)
  3 adders
  6 dart slugs
  3 ribbon worms
  4 orcs (D:4)
  7 endoplasms
  5 giant cockroaches
  9 goblins
  7 hobgoblins
  3 jackals (D:3)
  2 quokkas
  10 ball pythons
  7 bats
  4 frilled lizards
  4 kobolds
  4 rats
82 creatures vanquished.

Notes
Turn   | Place    | Note
-------+----------+-------------------------------------------
     0 | D:1      | qw the Spriggan Hunter began the quest for the Orb.
     0 | D:1      | Reached XP level 1. HP: 10/10 MP: 2/2
     0 | D:1      | 0 ||| qw: Version: 0.3-a-160-g6735b56
     0 | D:1      | 0 ||| qw: Game counter: 5104
     0 | D:1      | 0 ||| qw: Melee chars always use a shield: true
     0 | D:1      | 0 ||| qw: God list: Okawaru
     0 | D:1      | 0 ||| qw: Allow faded altars: false
     0 | D:1      | 0 ||| qw: Do Orc after clearing Dungeon:15 true
     0 | D:1      | 0 ||| qw: Do second Lair branch before Depths: true
     0 | D:1      | 0 ||| qw: Lair rune preference: random
     0 | D:1      | 0 ||| qw: Goals: Normal
     0 | D:1      | 0 ||| PLANNING D:1-11
    19 | D:1      | Reached skill level 3 in Dodging
    84 | D:1      | Reached XP level 2. HP: 14/14 MP: 3/3
   426 | D:1      | Reached XP level 3. HP: 18/18 MP: 4/4
   857 | D:1      | 857 ||| DROPPING ring of wizardry.
   858 | D:1      | 858 ||| READING scroll labelled WAOSUYMEDD.
   858 | D:1      | 858 ||| IDENTIFYING 2 smoky emerald potions
   859 | D:1      | 859 ||| DROPPING scroll of butterflies.
   941 | D:2      | Noticed Natasha
   948 | D:2      | Killed Natasha
   949 | D:2      | Reached XP level 4. HP: 15/22 MP: 5/5
   980 | D:2      | Found a basalt altar of Yredelemnul.
  1046 | D:2      | Noticed Terence
  1055 | D:2      | Killed Terence
  1121 | D:2      | Found Kisijec's Antique Armour Emporium.
  1437 | D:2      | 1437 ||| READING scroll of identify.
  1437 | D:2      | 1437 ||| IDENTIFYING black potion
  1438 | D:2      | 1438 ||| READING scroll labelled DOITUOTEFAI.
  1439 | D:2      | 1439 ||| READING scroll labelled COCRALIUCAX.
  1442 | D:2      | 1442 ||| READING scroll labelled LIKKEUNYI.
  1442 | D:2      | 1442 ||| ENCHANTING +0 shortbow.
  1443 | D:2      | 1443 ||| DRINKING 2 yellow potions.
  1704 | D:3      | Found a faded altar of an unknown god.
  1750 | D:3      | Reached XP level 5. HP: 24/26 MP: 6/6
  1836 | D:3      | Found a faded altar of an unknown god.
  1840 | D:3      | Found a shimmering blue altar of Sif Muna.
  2387 | D:3      | 2387 ||| READING 2 scrolls of identify.
  2387 | D:3      | 2387 ||| IDENTIFYING lumpy inky potion
  2388 | D:3      | 2388 ||| READING scroll of identify.
  2388 | D:3      | 2388 ||| IDENTIFYING scroll labelled GAMAIT OMUASK
  2389 | D:3      | 2389 ||| READING 2 scrolls labelled NAJAN BOBORYS.
  2390 | D:3      | 2390 ||| READING scroll labelled AKKYBR MAWKO.
  2391 | D:3      | 2391 ||| DROPPING scroll of amnesia.
  2392 | D:3      | 2392 ||| DROPPING scroll of silence.
  2393 | D:3      | 2393 ||| DROPPING potion of lignification.
  2395 | D:3      | 2395 ||| Stepping ~*~*~tactically~*~*~ (cloud).
  2575 | D:3      | 2575 ||| Stepping randomly (stuck).
  2650 | D:4      | 2650 ||| FLEEEEING.
  2655 | D:4      | HP: 5/26 [burnt (2)]
  2656 | D:4      | HP: 1/26 [burnt (4)]
  2657 | D:4      | Incinerated by a bombardier beetle

Levels and vault maps discovered:
D:1:      dpeg_arrival_line_fractal, layout_loops_corners
D:2:      layout_rooms, basic_altar, serial_shops, shop, minmay_pentomino_x4,
          uniq_terence, uniq_natasha
D:3:      minmay_spotlight, layout_loops_ring,
          nicolae_overflow_ecumenical_swirl,
          shapermc_ecumenical_altar_mp_highgroup, serial_aquarium,
          aquarium_bridge_straight [aquarium_subvault_bridge,
          aquarium_subvault_balcony, aquarium_subvault_bridge,
          aquarium_subvault_wall], aquarium_window_3, aquarium_window_fake,
          aquarium_window_fake, aquarium_window_fake, aquarium_view_2b,
          aquarium_view_2a
D:4:      minmay_skewed_foursquare, layout_basic, serial_shops,
          nicolae_shop_rolling_square, nicolae_figureground_sparkle,
          uniq_menkaure

Skill      XL: |  1  2  3  4 |
---------------+-------------+-----
Dodging        | 3 4 5 |  5.0
Ranged Weapons | 5 |  5.9
Fighting       | 2 |  2.0
Stealth        | |  1.5

Action                     |  1- 3 |  4- 6 || total
---------------------------+-------+-------++-------
   Fire: Shortbow          |    84 |   138 ||   222
    Use: Scroll            |     1 |     8 ||     9
         Potion            |       |     1 ||     1
 Armour: Robe              |     6 |    11 ||    17
  Dodge: Dodged            |    15 |    44 ||    59

Table legend:
 A = Non-vault XP
 B = Vault XP
 C = Vault XP percentage of total XP
 D = Non-vault monster count
 E = Vault monster count
 F = Vault count percentage of total count
                 A         B        C        D         E       F
            +---------+---------+-------+---------+---------+-------
      Total |     254 |      99 |  28.0 |      73 |       9 |  11.0
            +---------+---------+-------+---------+---------+-------
        D:1 |      60 |       0 |   0.0 |      33 |       0 |   0.0
        D:2 |      32 |      81 |  71.7 |      13 |       6 |  31.6
        D:3 |      47 |      18 |  27.7 |      17 |       3 |  15.0
        D:4 |     115 |       0 |   0.0 |      10 |       0 |   0.0
            +---------+---------+-------+---------+---------+-------
